 Dungeon Crawl Stone Soup version 0.28-a0-938-gbc3f381ebc (webtiles) character file.

Game seed: 12468913131368295442

598 AvatarAndi78 the Chopper (level 7, -26/91 HPs)
             Began as a Minotaur Berserker on Nov 28, 2021.
             Was a Believer of Trog.
             Annihilated by a two-headed ogre (29 damage)
             ... on level 5 of the Dungeon.
             The game lasted 00:07:46 (3556 turns).

AvatarAndi78 the Chopper (Minotaur Berserker)       Turns: 3556, Time: 00:07:46

Health: -26/91     AC: 10    Str: 22    XL:     7   Next: 17%
Magic:  6/6        EV:  9    Int:  2    God:    Trog [**....]
Gold:   160        SH:  0    Dex: 11    Spells: 6/6 levels left

rFire   + . .      SeeInvis .   q - +0 battleaxe
rCold   x . .      Faith    .   (shield currently unavailable)
rNeg    . . .      Spirit   .   o - +0 chain mail
rPois   +          Reflect  .   (helmet restricted)
rElec   .          Harm     .   c - +1 cloak {rPois}
rCorr   .          Rampage  .   l - +0 pair of gloves
Will    .....                   k - +0 pair of boots
Stlth   ..........              (no amulet)
HPRegen 0.25/turn               g - ring of fire
MPRegen 0.10/turn               (no ring)

@: berserking, very quick
A: horns 2, retaliatory headbutt, deformed body, dopey 1, wild magic 1
a: Renounce Religion, Berserk, Trog's Hand


You were on level 5 of the Dungeon.
You worshipped Trog.
Trog was pleased with you.
You visited 1 branch of the dungeon, and saw 5 of its levels.

You collected 160 gold pieces.

Inventory:

Hand Weapons
 q - a +0 battleaxe (weapon)
Armour
 c - a +1 cloak of poison resistance (worn)
 f - a scarf of resistance
 k - a +0 pair of boots (worn)
 l - a +0 pair of gloves (worn)
 o - a +0 chain mail (worn)
 r - a +2 leather armour of poison resistance
Jewellery
 g - a ring of fire (left hand)
Wands
 p - a wand of iceblast (9)
 s - a wand of flame (27)
Scrolls
 a - a scroll of vulnerability
 b - 2 scrolls of amnesia
 h - a scroll of enchant weapon
 n - a scroll of identify
Potions
 d - 2 potions of curing {unknown}
 e - 2 potions of berserk rage {unknown}
 i - a potion of flight {unknown}
 j - a potion of lignification {unknown}
 m - a potion of degeneration {unknown}
 t - a potion of attraction {unknown}


   Skills:
 + Level 5.5 Fighting
 + Level 6.8 Axes
 + Level 5.2 Armour
 + Level 3.8 Dodging


You had 6 spell levels left.
You didn't know any spells.
Your spell library was empty.

Dungeon Overview and Level Annotations

Branches:
Dungeon (5/15)
 Temple: D:4-7

Altars:
Ashenzari


Innate Abilities, Weirdness & Mutations

You have a pair of horns on your head.
You reflexively headbutt those who attack you in melee.
Armour fits poorly on your strangely shaped body.
You are dopey. (Int -2)
Your spells are a little harder to cast, but a little more powerful.


Message History

A water moccasin skeleton comes into view.
The water moccasin skeleton bites you but does no damage.
You closely miss the water moccasin skeleton.
The water moccasin skeleton barely misses you.
The water moccasin skeleton bites you but does no damage.
You barely miss the water moccasin skeleton.
The water moccasin skeleton bites you but does no damage.
The water moccasin skeleton bites you.
A water moccasin skeleton is nearby!
You barely miss the water moccasin skeleton.
The water moccasin skeleton bites you.
You slice the water moccasin skeleton!!
You headbutt the water moccasin skeleton.
The water moccasin skeleton is severely damaged.
The water moccasin skeleton completely misses you.
You furiously retaliate!
You headbutt the water moccasin skeleton.
The water moccasin skeleton bites you.
You slice the water moccasin skeleton!!
You destroy the water moccasin skeleton!
Trog accepts your kill.
A two-headed ogre comes into view. It is wielding two +0 giant clubs.
You open the door.
The two-headed ogre shouts in stereo!
There is an open door here.
The two-headed ogre hits you with a +0 giant club!!
The two-headed ogre hits you with a +0 giant club.
You slash the two-headed ogre! You headbutt the two-headed ogre.
The two-headed ogre is heavily wounded.
The two-headed ogre hits you with a +0 giant club!
The two-headed ogre hits you with a +0 giant club!!
* * * LOW HITPOINT WARNING * * *
A red film seems to cover your vision as you go berserk!
You feel yourself moving faster!
You feel mighty!
The two-headed ogre barely misses you. x2
You slash the two-headed ogre!
Your headbutt misses the two-headed ogre.
The two-headed ogre is severely wounded.
The two-headed ogre hits you with a +0 giant club!!
You die...

.. # ... .# #..
#'## ##.# #...## .
##..# #.....#
..###...##.......
........#.#.O......
.......#.'@.......
#.. #............
#.. ##...#...####
##..# ##.##..≈≈≈≈ #
....####.# .≈≈≈≈≈≈
##..##..##..#
≈≈≈≈≈≈≈
............#
≈≈≈≈≈≈≈
##.###.#...#
≈≈≈≈###
#.###.#..##≈.


You could see a two-headed ogre.

Vanquished Creatures
  Sigmund (D:3)
  Eustachio (D:4)
  A scorpion (D:4)
  A water moccasin skeleton (D:5)
  2 iguanas (D:4)
  6 adders
  An adder skeleton (D:4)
  2 worms
  3 dart slugs
  3 orcs
  5 ball pythons
  8 endoplasms
  9 giant cockroaches
  7 goblins
  5 hobgoblins
  4 jackals (D:2)
  2 kobolds
  8 quokkas
  4 bats
  8 frilled lizards
  4 rats
  A spectral hobgoblin (D:1)
86 creatures vanquished.

Notes
Turn   | Place    | Note
-------+----------+-------------------------------------------
     0 | D:1      | AvatarAndi78 the Minotaur Berserker began the quest for the
                  | Orb.
     0 | D:1      | Reached XP level 1. HP: 19/19 MP: 0/0
    69 | D:1      | Found Zagixt Itege's Armour Emporium.
   174 | D:1      | Reached skill level 4 in Axes
   174 | D:1      | Reached XP level 2. HP: 27/27 MP: 1/1
   460 | D:1      | Found a faded altar of an unknown god.
   467 | D:1      | Reached XP level 3. HP: 33/33 MP: 2/2
   494 | D:1      | Reached ** piety under Trog
  1135 | D:2      | Reached XP level 4. HP: 35/41 MP: 3/3
  1881 | D:3      | Found a broken altar of Ashenzari.
  2636 | D:3      | Noticed Sigmund
  2674 | D:3      | Killed Sigmund
  2675 | D:3      | Reached skill level 5 in Fighting
  2675 | D:3      | Reached skill level 5 in Axes
  2675 | D:3      | Reached XP level 5. HP: 27/48 MP: 4/4
  2675 | D:3      | Reached XP level 6. HP: 31/56 MP: 5/5
  2894 | D:3      | Gained mutation: Armour fits poorly on your strangely
                  | shaped body. [potion of mutation]
  2894 | D:3      | Gained mutation: You are dopey. (Int -2) [potion of
                  | mutation]
  2894 | D:3      | Gained mutation: Your spells are a little harder to cast,
                  | but a little more powerful. [potion of mutation]
  2895 | D:3      | Acquired a +1 cloak of poison resistance
  2933 | D:4      | Noticed Eustachio
  2940 | D:4      | Killed Eustachio
  2941 | D:4      | Reached skill level 6 in Axes
  3212 | D:4      | Reached skill level 5 in Armour
  3212 | D:4      | Reached XP level 7. HP: 45/61 MP: 6/6
  3485 | D:5      | Entered Level 5 of the Dungeon
  3550 | D:5      | Noticed a two-headed ogre
  3554 | D:5      | HP: 2/61 [two-headed ogre (18)]
  3556 | D:5      | Annihilated by a two-headed ogre

Illustrated notes

Levels and vault maps discovered:
D:1:      sevenhm_arrival_forest_fort_small_5, layout_basic,
          dreamdust_ecumenical_altar_drowned_temple, serial_shops, shop,
          fountainhead, st_stairs_13
D:2:      layout_rooms, chequers_jeans
D:3:      layout_basic, nicolae_ashenzari_panopticon,
          kennysheep_cross_bottleneck, uniq_sigmund
D:4:      layout_cave_pools, due_unseen_surprise, uniq_eustachio
D:5:      layout_loops_corners, minmay_temple_entry_stoned_glass, serial_shops,
          shop, serial_rivers, chequers_serial_rivers_small_b,
          chequers_serial_rivers_large_b, chequers_serial_rivers_large_a,
          chequers_serial_rivers_small_b, chequers_serial_rivers_room_b,
          chequers_serial_rivers_small_a, palyth_stone_intersect

Skill      XL: |  1  2  3  4  5  6 |
---------------+-------------------+-----
Axes           | 4 5 6 |  6.8
Fighting       | 4 5 |  5.5
Armour         | 4 5 |  5.2
Dodging        | 3 |  3.8

Action                   |  1- 3 |  4- 6 |  7- 9 || total
-------------------------+-------+-------+-------++-------
Melee: Hand axe          |    80 |    38 |       ||   118
       Headbutt          |    11 |    11 |     2 ||    24
       Battleaxe         |       |    45 |    13 ||    58
Invok: Berserk           |     2 |     1 |     1 ||     4
       Trog's Hand       |       |     1 |       ||     1
  Use: Scroll            |       |     6 |       ||     6
       Potion            |       |     1 |       ||     1
Armor: Leather armour    |    25 |    10 |       ||    35
       Ring mail         |       |     7 |       ||     7
       Chain mail        |       |    23 |    10 ||    33
       Scale mail        |       |     1 |       ||     1
Dodge: Dodged            |    45 |    52 |     6 ||   103

Table legend: (Time is in decaauts)
 A = Elapsed time spent in this place.
 B = Non-inter-level travel time spent in this place.
 C = Inter-level travel time spent in this place.
 D = Time resting spent in this place.
 E = Time spent auto-exploring this place.
 F = Levels seen in this place.
 G = Mean time per level.
                   A        B        C        D        E       F      G
               +--------+--------+--------+--------+--------+-----+--------+
         Total |   3625 |   3447 |    178 |      0 |   2795 |   5 |  725.0 |
       Dungeon |   3625 |   3447 |    178 |      0 |   2795 |   5 |  725.0 |
               +--------+--------+--------+--------+--------+-----+--------+

Top non-repeatable levels by time:
     D:3: 1157 daAuts
     D:1: 1055 daAuts
     D:2: 773 daAuts
     D:4: 565 daAuts
     D:5: 73 daAuts
